Map: Central Protocol

Players

Miszu - Winner!

  • Race: Terran Terran
  • League: Grandmaster

MrGuiLL

  • Race: Terran Terran

VOD

Have the link to the VOD?

Description

Time

  • Played on: Feb. 17, 2016, 12:40 p.m.
  • Length: 5:49
Show
View Real Time Build Order
Export as new Build Order

Miszu Terran - Winner!

Build Orders:  

Get SALT Encoding   

  12  0:00  SCV  
  13  0:12  SCV  
  14  0:17  Supply Depot  
  14  0:24  SCV  
  15  0:38  SCV  
  15  0:42  Refinery  
  16  0:44  Barracks  
  16  0:50  SCV  
  17  1:01  Barracks  
  17  1:03  SCV  
  18  1:18  Barracks  
  18  1:25  Refinery  
  18  1:36  Reaper  
  19  1:41  Supply Depot  
  19  1:49  Reaper  
  20  2:05  Reaper  
  21  2:08  Reaper  
  22  2:19  Orbital Command  
  22  2:21  Reaper  
  23  2:37  Reaper  
  23  2:41  Reaper  
  25  2:44  SCV  
  26  2:55  Factory  
  26  3:01  SCV  
  27  3:13  SCV  
  28  3:23  Marine x3  
  31  3:27  Supply Depot  
  31  3:30  Supply Depot  
  31  3:46  Starport, Factory Reactor  
  31  3:49  SCV  
  32  4:01  SCV  
  32  4:02  Marine  
  34  4:14  SCV  
  35  4:18  Marine  
  35  4:19  Marine  
  37  4:30  SCV  
  38  4:32  Supply Depot  
  38  4:39  Viking x2  
  38  4:40  Marine x2  
  38  4:41  Barracks Tech Lab  
  44  4:49  SCV  
  45  4:58  Marine  
  45  4:59  Supply Depot  
  46  5:01  Marine, SCV  
  46  5:05  Marine  
  49  5:16  Viking x2  
  53  5:29  Supply Depot  
Show
View Real Time Build Order
Export as new Build Order

MrGuiLL Terran 

Build Orders:  

Get SALT Encoding   

  12  0:02  SCV  
  13  0:33  Supply Depot  
  13  0:53  SCV  
  14  0:57  Refinery  
  14  0:59  Engineering Bay  
  14  1:05  SCV  
  14  1:11  Barracks  
  15  1:18  SCV  
  16  1:33  SCV  
  16  1:34  Refinery  
  17  1:45  SCV  
  18  2:11  Bunker  
  18  2:19  Barracks Reactor  
  17  2:41  Supply Depot  
  11  2:55  Marine x2  
  6  4:14  Supply Depot  
Tags
 
Add a new tag
Caveats
  • Supply blocks, unpowered buildings, or Contaminate may cause inaccurate times.
  • Supply counts are checked every 10 seconds.